 Dungeon Crawl Stone Soup version 0.29.1-13-g9f3cf754e1 (webtiles) character file.

Game seed: 6663513712428728709

2228 kingofthe the Sneak (level 9, -3/39 HPs)
             Began as a Spriggan Venom Mage on Jan 19, 2023.
             Was an Initiate of Hepliaklqana.
             Shot with a bolt by an orc warrior (10 damage)
             ... on level 7 of the Dungeon on Jan 20, 2023.
             The game lasted 00:43:57 (11815 turns).

kingofthe the Sneak (Spriggan Venom Mage)          Turns: 11815, Time: 00:43:58

Health: -3/39      AC:  3    Str:  4    XL:     9   Next: 14%
Magic:  18/18      EV: 20    Int: 25    God:    Hepliaklqana [......]
Gold:   364        SH:  0    Dex: 18    Spells: 4/18 levels left

rFire   . . .      SeeInvis +   a - +3 whip of Salt {pain, rN+ Int+7}
rCold   . . .      Faith    .   (no shield)
rNeg    + . .      Spirit   .   d - +0 robe
rPois   .          Reflect  .   (helmet restricted)
rElec   .          Harm     .   D - +0 cloak
rCorr   +          Rampage  .   (gloves unavailable)
Will    +....                   (boots unavailable)
Stlth   ++++......              (no amulet)
HPRegen 0.13/turn               i - ring of resist corrosion
MPRegen 0.16/turn               (no ring)

@: very quick
A: very small, no large weapons, unfitting armour, see invisible, speed 3
a: Renounce Religion


You were on level 7 of the Dungeon.
You worshipped Hepliaklqana.
Hepliaklqana was noncommittal.
You visited 2 branches of the dungeon, and saw 8 of its levels.

You collected 384 gold pieces.
You spent 20 gold pieces at shops.

Inventory:

Hand Weapons
 a - the +3 whip of Salt (weapon) {pain, rN+ Int+7}
   (You found it on level 2 of the Dungeon)

   In the hands of one skilled in necromantic magic, it inflicts extra damage on
   living creatures.
   Int:       It affects your intelligence (+7).
   rN:        It protects you from negative energy.
 b - a +0 dagger of flaming
 z - a +2 shortbow of flaming
 A - the +10 rapier "Bati" {venom, Fragile rElec rC+++ Int-4}
   (You found it on level 6 of the Dungeon)

   It poisons the flesh of those it strikes.
   Int:       It affects your intelligence (-4).
   rC:        It renders you almost immune to cold.
   rElec:     It insulates you from electricity.
   Fragile:   It will be destroyed if unequipped.
 B - a +0 short sword of speed
 C - a +1 rapier of venom
Missiles
 w - a throwing net
Armour
 d - a +0 robe (worn)
 D - a +0 cloak (worn)
Jewellery
 i - a ring of resist corrosion (left hand)
Wands
 s - a wand of charming (13)
 t - a wand of flame (25)
Scrolls
 g - 7 scrolls of identify
 h - 3 scrolls of magic mapping {unknown}
 j - 2 scrolls of poison {unknown}
 k - 2 scrolls of teleportation {unknown}
 o - 3 scrolls of amnesia
 p - 2 scrolls of noise {unknown}
 q - a scroll of butterflies {unknown}
 x - a scroll of fear {unknown}
 y - a scroll of torment {unknown}
Potions
 c - a potion of cancellation {unknown}
 e - 3 potions of heal wounds
 f - 2 potions of might {unknown}
 l - a potion of invisibility {unknown}
 m - 6 potions of curing
 n - a potion of magic
 r - 4 potions of haste
 u - a potion of lignification {unknown}
 v - a potion of brilliance
 E - a potion of ambrosia {unknown}


   Skills:
 - Level 5.7 Dodging
 - Level 6.8 Stealth
 - Level 5.3 Spellcasting
 + Level 5.6 Conjurations
 - Level 6.0 Translocations
 - Level 1.3 Transmutations
 - Level 2.0 Air Magic
 - Level 5.2 Poison Magic


You had 4 spell levels left.
You knew the following spells:

 Your Spells              Type           Power      Damage    Failure   Level
a - Sting                 Tmut/Pois      92%        1d7       1%          1
b - Poisonous Vapours     Pois/Air       48%        N/A       2%          2
c - Mephitic Cloud        Conj/Pois/Air  28%        N/A       4%          3
d - Passage of Golubria   Tloc           36%        N/A       7%          4
e - Magic Dart            Conj           100%       1d8       1%          1
f - Conjure Flame         Conj/Fire      20%        6-21      8%          3

Your spell library contained the following spells:

 Spells                   Type           Power      Damage    Failure   Level
 Ignite Poison            Fire/Tmut/Pois 17%        N/A       10%         3
 Olgreb's Toxic Radiance  Pois           32%        N/A       10%         4
 Call Imp                 Summ           6%         N/A       12%         2
 Sticky Flame             Conj/Fire      20%        2d4       26%         4
 Silence                  Hex/Air        5%         N/A       82%         5
 Borgnjor's Revivificati  Necr           3%         N/A       100%        8
 Lehudib's Crystal Spear  Conj/Erth      10%        10d4      100%        8
 Necromutation            Tmut/Necr      5%         N/A       100%        8
 Death's Door             Necr           3%         N/A       100%        9


Dungeon Overview and Level Annotations

Branches:
Dungeon (7/15)             Temple (1/1) D:5

Altars:
Ashenzari
Cheibriados
Dithmenos
Elyvilon
Fedhas
Gozag
Hepliaklqana
Kikubaaqudgha
Makhleb
Nemelex Xobeh
Qazlal
Sif Muna
Trog
Vehumet
Wu Jian
Xom
Zin

Shops:
D:4 ?

Annotations:
D:2 Natasha
D:4 phantom
D:6 exclusion: downstairs


Innate Abilities, Weirdness & Mutations

You are very small and have problems with some larger weapons.
You are too small for most types of armour.
You have supernaturally acute eyesight. (SInv)
You cover ground extremely quickly. (Speed+++)


Message History

Aim: a centaur, wielding a +0 shortbow (wandering, hasn't noticed you)
Okay, then.
The magic dart hits the centaur.
The centaur is lightly wounded.
The centaur shouts!
The centaur shoots an arrow.
The arrow hits you!
Casting: Magic Dart (safe; 1% risk of failure)
Confirm with . or Enter, or press ? or * to list all spells.
You can't see any susceptible monsters within range! (Use Z to cast anyway.)
Casting: Magic Dart (safe; 1% risk of failure)
Confirm with . or Enter, or press ? or * to list all spells.
Aiming: Poisonous Vapours (safe; 2% risk of failure)
Press: ? - help, Dir - move target, f/p - centaur
Aim: a centaur, wielding a +0 shortbow (lightly wounded) Poisonous vapours surround the centaur!
The centaur is poisoned.
The centaur shoots an arrow.
The arrow closely misses you.
The centaur shoots an arrow.
The arrow completely misses you.
The centaur shoots an arrow.
The arrow misses you.
You climb upwards.
Level annotation: exclusion: downstairs
There is a stone staircase leading down here.
You start resting.
Magic restored.
You start resting.
HP restored.
There is a stone staircase leading down here.
This staircase is marked as excluded!
Enter next level anyway?
You climb downwards.
The orc priest shouts!
The orc warrior shouts!
The orc wizard shouts!
The orc warrior shoots a bolt.
The bolt barely misses you. The orc priest closely misses you.
The orc priest invokes the aid of Beogh against you.
Beogh smites you!
The orc warrior shoots a bolt.
The bolt hits you!!
Ouch! That really hurt!
* * * LOW HITPOINT WARNING * * *
There is a stone staircase leading up, spattered with blood here.
The orc priest barely misses you.
The orc warrior shoots a bolt.
The bolt hits you!
You die...

.#######... ......o........
..........
.#................ .....D#..
.......o......### ..§§÷.#.#
###...(......#...#
.§§.§.#.###..............#!#
.§§[§)......#..[o......#.#..
#######.#.............:.
#......#..##.........#.
#...##.........@o.o...# #..
..#..............# #Y
..#..:............ #
##.#..............>
..........o.......
..................
...............
........#.(....


You could see an orc warrior, 2 orc priests, an orc wizard and an orc.

Vanquished Creatures
  A moth of wrath (D:6)
  Eustachio (D:6)
  Duvessa (D:5)
  A water moccasin (D:5)
  A sky beast (D:6)
  3 ogres
  A black bear (D:3)
  2 centaurs
  2 phantoms (D:4)
  Blork the orc (D:5)
  A necrophage (D:5)
  A scorpion (D:5)
  Dowan (D:6)
  A howler monkey (D:6)
  An orc priest (D:5)
  2 hounds
  Ijyb (D:5)
  6 orc wizards
  10 gnolls
  5 adders
  3 shadow imps
  2 ufetubi
  2 worms
  A dart slug (D:1)
  22 orcs
  5 endoplasms
  4 giant cockroaches
  4 goblins
  10 hobgoblins
  9 jackals
  9 kobolds
  4 quokkas
  8 ball pythons
  6 bats
  6 frilled lizards
  8 rats
146 creatures vanquished.

Vanquished Creatures (others)
  6 fungi
  11 plants (D:7)
  3 toadstools (D:6)
20 creatures vanquished.

Grand Total: 166 creatures vanquished

Notes
Turn   | Place    | Note
-------+----------+-------------------------------------------
     0 | D:1      | kingofthe the Spriggan Venom Mage began the quest for the
                  | Orb.
     0 | D:1      | Reached XP level 1. HP: 9/9 MP: 5/5
   286 | D:1      | Reached XP level 2. HP: 13/13 MP: 1/6
   391 | D:1      | Learned a level 2 spell: Poisonous Vapours
  1262 | D:1      | Reached XP level 3. HP: 15/16 MP: 5/8
  1730 | D:2      | Identified the +3 whip of Salt {pain, rN+ Int+7}
  1916 | D:2      | Found a broken altar of Ashenzari.
  2064 | D:2      | Noticed Natasha
  2709 | D:3      | Reached XP level 4. HP: 21/21 MP: 2/10
  3257 | D:3      | Found a blossoming altar of Fedhas.
  4200 | D:3      | Reached XP level 5. HP: 24/24 MP: 2/12
  4369 | D:3      | Found a blossoming altar of Fedhas.
  4692 | D:4      | Found Tarheil's Magic Scroll Shop.
  4707 | D:4      | Noticed a black bear
  4708 | D:4      | Bought a scroll of identify for 20 gold pieces
  4896 | D:3      | Killed a black bear
  4897 | D:3      | Reached skill level 5 in Stealth
  5314 | D:4      | Reached XP level 6. HP: 28/28 MP: 4/13
  5750 | D:5      | Entered Level 5 of the Dungeon
  5862 | D:5      | Noticed Ijyb
  5869 | D:5      | Killed Ijyb
  6567 | D:5      | Found a staircase to the Ecumenical Temple.
  7057 | D:4      | Reached skill level 5 in Dodging
  7057 | D:4      | Reached skill level 5 in Poison Magic
  7061 | D:4      | Learned a level 3 spell: Mephitic Cloud
  7388 | D:5      | Noticed a water moccasin
  7411 | D:5      | Killed a water moccasin
  7412 | D:5      | Reached skill level 5 in Spellcasting
  7412 | D:5      | Reached skill level 1 in Air Magic
  7412 | D:5      | Reached XP level 7. HP: 26/32 MP: 11/15
  7959 | D:5      | Learned a level 4 spell: Passage of Golubria
  8327 | D:5      | Found a shadowy altar of Dithmenos.
  8384 | D:5      | Noticed Blork the orc
  8392 | D:5      | Killed Blork the orc
  8571 | D:5      | Reached skill level 5 in Translocations
  8897 | D:4      | Reached XP level 8. HP: 23/36 MP: 1/16
  9053 | Temple   | Entered the Ecumenical Temple
  9229 | Temple   | Became a worshipper of Hepliaklqana the Forgotten
  9288 | D:6      | Found an ornate altar of the Wu Jian Council.
  9293 | D:6      | Noticed Duvessa
  9295 | D:6      | Noticed Dowan
  9415 | D:6      | Noticed Eustachio
  9531 | D:6      | Reached skill level 1 in Conjurations
  9700 | D:6      | Identified the +10 rapier "Bati" {venom, Fragile rElec
                  | rC+++ Int-4}
  9741 | D:6      | Killed Eustachio
  9845 | D:6      | Found a sparkling altar of Nemelex Xobeh.
 10036 | D:6      | Noticed a moth of wrath
 10249 | D:6      | Found a shimmering blue altar of Sif Muna.
 10506 | D:6      | Killed a moth of wrath
 10649 | D:6      | Found a bloodstained altar of Trog.
 10762 | D:6      | Killed Dowan
 10883 | D:5      | Killed Duvessa
 10884 | D:5      | Reached skill level 5 in Conjurations
 10884 | D:5      | Reached XP level 9. HP: 18/39 MP: 10/18
 11244 | D:6      | Learned a level 1 spell: Magic Dart
 11248 | D:6      | Learned a level 3 spell: Conjure Flame
 11815 | D:7      | Shot with a bolt by an orc warrior

Illustrated notes

Levels and vault maps discovered:
D:1:      minmay_arrival_checkered_box, layout_basic
D:2:      layout_basic, basic_altar, uniq_natasha
D:3:      layout_basic, fedhas_altar_3, mrwooster_statue_mirror
D:4:      layout_cave_pools, serial_shops, shop
D:5:      layout_basic, mainiacjoe_overflow_alcove_2, minmay_temple_entry_hall,
          uniq_ijyb, uniq_blork_the_orc
D:6:      layout_cave_pools, mainiacjoe_overflow_small_starburst,
          nemelex_diamond_rough_becter, nicolae_overflow_crystal_walls,
          tgw_trog, minmay_gold_behind_fungi, uniq_duvessa, uniq_eustachio
D:7:      layout_rooms, lemuel_doored_altar, marbit_many_paths, serial_bayou,
          serial_bayou_shore_a, serial_bayou_pond_b, serial_bayou_lagoon_a,
          serial_bayou_shore_b, nicolae_zen_rock_garden
Temple:   nicolae_temple_bog_church

Skill      XL: |  1  2  3  4  5  6  7  8 |
---------------+-------------------------+-----
Dodging        | 3 4 5 |  5.7
Spellcasting   | 3 4 5 |  5.3
Stealth        | 4 5 6 |  6.8
Poison Magic   | 4 5 |  5.2
Air Magic      | 1 2 |  2.0
Translocations | 6 |  6.0
Conjurations   | 5 |  5.6
Transmutations | |  1.3

Action                   |  1- 3 |  4- 6 |  7- 9 || total
-------------------------+-------+-------+-------++-------
Melee: Whip              |    10 |    58 |    26 ||    94
       Short sword       |     2 |       |       ||     2
 Cast: Sting             |    83 |   135 |   155 ||   373
       Poisonous Vapours |    17 |    66 |    66 ||   149
       Magic Dart        |       |       |    13 ||    13
       Mephitic Cloud    |       |       |     1 ||     1
  Use: Scroll            |       |       |     4 ||     4
Armor: Robe              |     2 |    10 |     5 ||    17
Dodge: Dodged            |    24 |    77 |    89 ||   190
